%YAML 1.1
%TAG !u! tag:unity3d.com,2011:
--- !u!1 &7887878772550111844
GameObject:
  m_ObjectHideFlags: 0
  m_CorrespondingSourceObject: {fileID: 0}
  m_PrefabInstance: {fileID: 0}
  m_PrefabAsset: {fileID: 0}
  serializedVersion: 6
  m_Component:
  - component: {fileID: 7887878772550111843}
  m_Layer: 0
  m_Name: OneWayCubes
  m_TagString: Untagged
  m_Icon: {fileID: 0}
  m_NavMeshLayer: 0
  m_StaticEditorFlags: 0
  m_IsActive: 1
--- !u!4 &7887878772550111843
Transform:
  m_ObjectHideFlags: 0
  m_CorrespondingSourceObject: {fileID: 0}
  m_PrefabInstance: {fileID: 0}
  m_PrefabAsset: {fileID: 0}
  m_GameObject: {fileID: 7887878772550111844}
  m_LocalRotation: {x: -0, y: -0, z: -0, w: 1}
  m_LocalPosition: {x: 0, y: 0, z: 0}
  m_LocalScale: {x: 1, y: 1, z: 1}
  m_Children:
  - {fileID: 9091774079193681023}
  - {fileID: 9091774078370566558}
  - {fileID: 9091774079316641074}
  - {fileID: 9091774078260404158}
  - {fileID: 9091774079455798944}
  - {fileID: 9091774078067296194}
  - {fileID: 9091774078422716237}
  - {fileID: 9091774079059363571}
  m_Father: {fileID: 0}
  m_RootOrder: 0
  m_LocalEulerAnglesHint: {x: 0, y: 0, z: 0}
--- !u!1001 &7887878771904857058
PrefabInstance:
  m_ObjectHideFlags: 0
  serializedVersion: 2
  m_Modification:
    m_TransformParent: {fileID: 7887878772550111843}
    m_Modifications:
    - target: {fileID: 2128957381413006209, guid: 06561c2766c0e2d4cb176de52f48bb51,
        type: 3}
      propertyPath: m_Name
      value: SoundCube_StretchInOneDir (7)
      objectReference: {fileID: 0}
    - target: {fileID: 1394752117726233873, guid: 06561c2766c0e2d4cb176de52f48bb51,
        type: 3}
      propertyPath: m_LocalPosition.x
      value: 42
      objectReference: {fileID: 0}
    - target: {fileID: 1394752117726233873, guid: 06561c2766c0e2d4cb176de52f48bb51,
        type: 3}
      propertyPath: m_LocalPosition.y
      value: 0
      objectReference: {fileID: 0}
    - target: {fileID: 1394752117726233873, guid: 06561c2766c0e2d4cb176de52f48bb51,
        type: 3}
      propertyPath: m_LocalPosition.z
      value: 0
      objectReference: {fileID: 0}
    - target: {fileID: 1394752117726233873, guid: 06561c2766c0e2d4cb176de52f48bb51,
        type: 3}
      propertyPath: m_LocalRotation.x
      value: 0
      objectReference: {fileID: 0}
    - target: {fileID: 1394752117726233873, guid: 06561c2766c0e2d4cb176de52f48bb51,
        type: 3}
      propertyPath: m_LocalRotation.y
      value: 0
      objectReference: {fileID: 0}
    - target: {fileID: 1394752117726233873, guid: 06561c2766c0e2d4cb176de52f48bb51,
        type: 3}
      propertyPath: m_LocalRotation.z
      value: 0
      objectReference: {fileID: 0}
    - target: {fileID: 1394752117726233873, guid: 06561c2766c0e2d4cb176de52f48bb51,
        type: 3}
      propertyPath: m_LocalRotation.w
      value: 1
      objectReference: {fileID: 0}
    - target: {fileID: 1394752117726233873, guid: 06561c2766c0e2d4cb176de52f48bb51,
        type: 3}
      propertyPath: m_RootOrder
      value: 7
      objectReference: {fileID: 0}
    - target: {fileID: 1394752117726233873, guid: 06561c2766c0e2d4cb176de52f48bb51,
        type: 3}
      propertyPath: m_LocalEulerAnglesHint.x
      value: 0
      objectReference: {fileID: 0}
    - target: {fileID: 1394752117726233873, guid: 06561c2766c0e2d4cb176de52f48bb51,
        type: 3}
      propertyPath: m_LocalEulerAnglesHint.y
      value: 0
      objectReference: {fileID: 0}
    - target: {fileID: 1394752117726233873, guid: 06561c2766c0e2d4cb176de52f48bb51,
        type: 3}
      propertyPath: m_LocalEulerAnglesHint.z
      value: 0
      objectReference: {fileID: 0}
    m_RemovedComponents: []
  m_SourcePrefab: {fileID: 100100000, guid: 06561c2766c0e2d4cb176de52f48bb51, type: 3}
--- !u!4 &9091774079059363571 stripped
Transform:
  m_CorrespondingSourceObject: {fileID: 1394752117726233873, guid: 06561c2766c0e2d4cb176de52f48bb51,
    type: 3}
  m_PrefabInstance: {fileID: 7887878771904857058}
  m_PrefabAsset: {fileID: 0}
--- !u!1001 &7887878772212236323
PrefabInstance:
  m_ObjectHideFlags: 0
  serializedVersion: 2
  m_Modification:
    m_TransformParent: {fileID: 7887878772550111843}
    m_Modifications:
    - target: {fileID: 2128957381413006209, guid: 06561c2766c0e2d4cb176de52f48bb51,
        type: 3}
      propertyPath: m_Name
      value: SoundCube_StretchInOneDir (2)
      objectReference: {fileID: 0}
    - target: {fileID: 1394752117726233873, guid: 06561c2766c0e2d4cb176de52f48bb51,
        type: 3}
      propertyPath: m_LocalPosition.x
      value: 12
      objectReference: {fileID: 0}
    - target: {fileID: 1394752117726233873, guid: 06561c2766c0e2d4cb176de52f48bb51,
        type: 3}
      propertyPath: m_LocalPosition.y
      value: 0
      objectReference: {fileID: 0}
    - target: {fileID: 1394752117726233873, guid: 06561c2766c0e2d4cb176de52f48bb51,
        type: 3}
      propertyPath: m_LocalPosition.z
      value: 0
      objectReference: {fileID: 0}
    - target: {fileID: 1394752117726233873, guid: 06561c2766c0e2d4cb176de52f48bb51,
        type: 3}
      propertyPath: m_LocalRotation.x
      value: 0
      objectReference: {fileID: 0}
    - target: {fileID: 1394752117726233873, guid: 06561c2766c0e2d4cb176de52f48bb51,
        type: 3}
      propertyPath: m_LocalRotation.y
      value: 0
      objectReference: {fileID: 0}
    - target: {fileID: 1394752117726233873, guid: 06561c2766c0e2d4cb176de52f48bb51,
        type: 3}
      propertyPath: m_LocalRotation.z
      value: 0
      objectReference: {fileID: 0}
    - target: {fileID: 1394752117726233873, guid: 06561c2766c0e2d4cb176de52f48bb51,
        type: 3}
      propertyPath: m_LocalRotation.w
      value: 1
      objectReference: {fileID: 0}
    - target: {fileID: 1394752117726233873, guid: 06561c2766c0e2d4cb176de52f48bb51,
        type: 3}
      propertyPath: m_RootOrder
      value: 2
      objectReference: {fileID: 0}
    - target: {fileID: 1394752117726233873, guid: 06561c2766c0e2d4cb176de52f48bb51,
        type: 3}
      propertyPath: m_LocalEulerAnglesHint.x
      value: 0
      objectReference: {fileID: 0}
    - target: {fileID: 1394752117726233873, guid: 06561c2766c0e2d4cb176de52f48bb51,
        type: 3}
      propertyPath: m_LocalEulerAnglesHint.y
      value: 0
      objectReference: {fileID: 0}
    - target: {fileID: 1394752117726233873, guid: 06561c2766c0e2d4cb176de52f48bb51,
        type: 3}
      propertyPath: m_LocalEulerAnglesHint.z
      value: 0
      objectReference: {fileID: 0}
    - target: {fileID: 8787806788218957823, guid: 06561c2766c0e2d4cb176de52f48bb51,
        type: 3}
      propertyPath: _band
      value: 2
      objectReference: {fileID: 0}
    m_RemovedComponents: []
  m_SourcePrefab: {fileID: 100100000, guid: 06561c2766c0e2d4cb176de52f48bb51, type: 3}
--- !u!4 &9091774079316641074 stripped
Transform:
  m_CorrespondingSourceObject: {fileID: 1394752117726233873, guid: 06561c2766c0e2d4cb176de52f48bb51,
    type: 3}
  m_PrefabInstance: {fileID: 7887878772212236323}
  m_PrefabAsset: {fileID: 0}
--- !u!1001 &7887878772307413358
PrefabInstance:
  m_ObjectHideFlags: 0
  serializedVersion: 2
  m_Modification:
    m_TransformParent: {fileID: 7887878772550111843}
    m_Modifications:
    - target: {fileID: 2128957381413006209, guid: 06561c2766c0e2d4cb176de52f48bb51,
        type: 3}
      propertyPath: m_Name
      value: SoundCube_StretchInOneDir
      objectReference: {fileID: 0}
    - target: {fileID: 1394752117726233873, guid: 06561c2766c0e2d4cb176de52f48bb51,
        type: 3}
      propertyPath: m_LocalPosition.x
      value: 0
      objectReference: {fileID: 0}
    - target: {fileID: 1394752117726233873, guid: 06561c2766c0e2d4cb176de52f48bb51,
        type: 3}
      propertyPath: m_LocalPosition.y
      value: 0
      objectReference: {fileID: 0}
    - target: {fileID: 1394752117726233873, guid: 06561c2766c0e2d4cb176de52f48bb51,
        type: 3}
      propertyPath: m_LocalPosition.z
      value: 0
      objectReference: {fileID: 0}
    - target: {fileID: 1394752117726233873, guid: 06561c2766c0e2d4cb176de52f48bb51,
        type: 3}
      propertyPath: m_LocalRotation.x
      value: 0
      objectReference: {fileID: 0}
    - target: {fileID: 1394752117726233873, guid: 06561c2766c0e2d4cb176de52f48bb51,
        type: 3}
      propertyPath: m_LocalRotation.y
      value: 0
      objectReference: {fileID: 0}
    - target: {fileID: 1394752117726233873, guid: 06561c2766c0e2d4cb176de52f48bb51,
        type: 3}
      propertyPath: m_LocalRotation.z
      value: 0
      objectReference: {fileID: 0}
    - target: {fileID: 1394752117726233873, guid: 06561c2766c0e2d4cb176de52f48bb51,
        type: 3}
      propertyPath: m_LocalRotation.w
      value: 1
      objectReference: {fileID: 0}
    - target: {fileID: 1394752117726233873, guid: 06561c2766c0e2d4cb176de52f48bb51,
        type: 3}
      propertyPath: m_RootOrder
      value: 0
      objectReference: {fileID: 0}
    - target: {fileID: 1394752117726233873, guid: 06561c2766c0e2d4cb176de52f48bb51,
        type: 3}
      propertyPath: m_LocalEulerAnglesHint.x
      value: 0
      objectReference: {fileID: 0}
    - target: {fileID: 1394752117726233873, guid: 06561c2766c0e2d4cb176de52f48bb51,
        type: 3}
      propertyPath: m_LocalEulerAnglesHint.y
      value: 0
      objectReference: {fileID: 0}
    - target: {fileID: 1394752117726233873, guid: 06561c2766c0e2d4cb176de52f48bb51,
        type: 3}
      propertyPath: m_LocalEulerAnglesHint.z
      value: 0
      objectReference: {fileID: 0}
    - target: {fileID: 8787806788218957823, guid: 06561c2766c0e2d4cb176de52f48bb51,
        type: 3}
      propertyPath: _band
      value: 0
      objectReference: {fileID: 0}
    m_RemovedComponents: []
  m_SourcePrefab: {fileID: 100100000, guid: 06561c2766c0e2d4cb176de52f48bb51, type: 3}
--- !u!4 &9091774079193681023 stripped
Transform:
  m_CorrespondingSourceObject: {fileID: 1394752117726233873, guid: 06561c2766c0e2d4cb176de52f48bb51,
    type: 3}
  m_PrefabInstance: {fileID: 7887878772307413358}
  m_PrefabAsset: {fileID: 0}
--- !u!1001 &7887878772577985457
PrefabInstance:
  m_ObjectHideFlags: 0
  serializedVersion: 2
  m_Modification:
    m_TransformParent: {fileID: 7887878772550111843}
    m_Modifications:
    - target: {fileID: 2128957381413006209, guid: 06561c2766c0e2d4cb176de52f48bb51,
        type: 3}
      propertyPath: m_Name
      value: SoundCube_StretchInOneDir (4)
      objectReference: {fileID: 0}
    - target: {fileID: 1394752117726233873, guid: 06561c2766c0e2d4cb176de52f48bb51,
        type: 3}
      propertyPath: m_LocalPosition.x
      value: 24
      objectReference: {fileID: 0}
    - target: {fileID: 1394752117726233873, guid: 06561c2766c0e2d4cb176de52f48bb51,
        type: 3}
      propertyPath: m_LocalPosition.y
      value: 0
      objectReference: {fileID: 0}
    - target: {fileID: 1394752117726233873, guid: 06561c2766c0e2d4cb176de52f48bb51,
        type: 3}
      propertyPath: m_LocalPosition.z
      value: 0
      objectReference: {fileID: 0}
    - target: {fileID: 1394752117726233873, guid: 06561c2766c0e2d4cb176de52f48bb51,
        type: 3}
      propertyPath: m_LocalRotation.x
      value: 0
      objectReference: {fileID: 0}
    - target: {fileID: 1394752117726233873, guid: 06561c2766c0e2d4cb176de52f48bb51,
        type: 3}
      propertyPath: m_LocalRotation.y
      value: 0
      objectReference: {fileID: 0}
    - target: {fileID: 1394752117726233873, guid: 06561c2766c0e2d4cb176de52f48bb51,
        type: 3}
      propertyPath: m_LocalRotation.z
      value: 0
      objectReference: {fileID: 0}
    - target: {fileID: 1394752117726233873, guid: 06561c2766c0e2d4cb176de52f48bb51,
        type: 3}
      propertyPath: m_LocalRotation.w
      value: 1
      objectReference: {fileID: 0}
    - target: {fileID: 1394752117726233873, guid: 06561c2766c0e2d4cb176de52f48bb51,
        type: 3}
      propertyPath: m_RootOrder
      value: 4
      objectReference: {fileID: 0}
    - target: {fileID: 1394752117726233873, guid: 06561c2766c0e2d4cb176de52f48bb51,
        type: 3}
      propertyPath: m_LocalEulerAnglesHint.x
      value: 0
      objectReference: {fileID: 0}
    - target: {fileID: 1394752117726233873, guid: 06561c2766c0e2d4cb176de52f48bb51,
        type: 3}
      propertyPath: m_LocalEulerAnglesHint.y
      value: 0
      objectReference: {fileID: 0}
    - target: {fileID: 1394752117726233873, guid: 06561c2766c0e2d4cb176de52f48bb51,
        type: 3}
      propertyPath: m_LocalEulerAnglesHint.z
      value: 0
      objectReference: {fileID: 0}
    - target: {fileID: 8787806788218957823, guid: 06561c2766c0e2d4cb176de52f48bb51,
        type: 3}
      propertyPath: _band
      value: 4
      objectReference: {fileID: 0}
    m_RemovedComponents: []
  m_SourcePrefab: {fileID: 100100000, guid: 06561c2766c0e2d4cb176de52f48bb51, type: 3}
--- !u!4 &9091774079455798944 stripped
Transform:
  m_CorrespondingSourceObject: {fileID: 1394752117726233873, guid: 06561c2766c0e2d4cb176de52f48bb51,
    type: 3}
  m_PrefabInstance: {fileID: 7887878772577985457}
  m_PrefabAsset: {fileID: 0}
--- !u!1001 &7887878772924711635
PrefabInstance:
  m_ObjectHideFlags: 0
  serializedVersion: 2
  m_Modification:
    m_TransformParent: {fileID: 7887878772550111843}
    m_Modifications:
    - target: {fileID: 2128957381413006209, guid: 06561c2766c0e2d4cb176de52f48bb51,
        type: 3}
      propertyPath: m_Name
      value: SoundCube_StretchInOneDir (5)
      objectReference: {fileID: 0}
    - target: {fileID: 1394752117726233873, guid: 06561c2766c0e2d4cb176de52f48bb51,
        type: 3}
      propertyPath: m_LocalPosition.x
      value: 30
      objectReference: {fileID: 0}
    - target: {fileID: 1394752117726233873, guid: 06561c2766c0e2d4cb176de52f48bb51,
        type: 3}
      propertyPath: m_LocalPosition.y
      value: 0
      objectReference: {fileID: 0}
    - target: {fileID: 1394752117726233873, guid: 06561c2766c0e2d4cb176de52f48bb51,
        type: 3}
      propertyPath: m_LocalPosition.z
      value: 0
      objectReference: {fileID: 0}
    - target: {fileID: 1394752117726233873, guid: 06561c2766c0e2d4cb176de52f48bb51,
        type: 3}
      propertyPath: m_LocalRotation.x
      value: 0
      objectReference: {fileID: 0}
    - target: {fileID: 1394752117726233873, guid: 06561c2766c0e2d4cb176de52f48bb51,
        type: 3}
      propertyPath: m_LocalRotation.y
      value: 0
      objectReference: {fileID: 0}
    - target: {fileID: 1394752117726233873, guid: 06561c2766c0e2d4cb176de52f48bb51,
        type: 3}
      propertyPath: m_LocalRotation.z
      value: 0
      objectReference: {fileID: 0}
    - target: {fileID: 1394752117726233873, guid: 06561c2766c0e2d4cb176de52f48bb51,
        type: 3}
      propertyPath: m_LocalRotation.w
      value: 1
      objectReference: {fileID: 0}
    - target: {fileID: 1394752117726233873, guid: 06561c2766c0e2d4cb176de52f48bb51,
        type: 3}
      propertyPath: m_RootOrder
      value: 5
      objectReference: {fileID: 0}
    - target: {fileID: 1394752117726233873, guid: 06561c2766c0e2d4cb176de52f48bb51,
        type: 3}
      propertyPath: m_LocalEulerAnglesHint.x
      value: 0
      objectReference: {fileID: 0}
    - target: {fileID: 1394752117726233873, guid: 06561c2766c0e2d4cb176de52f48bb51,
        type: 3}
      propertyPath: m_LocalEulerAnglesHint.y
      value: 0
      objectReference: {fileID: 0}
    - target: {fileID: 1394752117726233873, guid: 06561c2766c0e2d4cb176de52f48bb51,
        type: 3}
      propertyPath: m_LocalEulerAnglesHint.z
      value: 0
      objectReference: {fileID: 0}
    - target: {fileID: 8787806788218957823, guid: 06561c2766c0e2d4cb176de52f48bb51,
        type: 3}
      propertyPath: _band
      value: 5
      objectReference: {fileID: 0}
    m_RemovedComponents: []
  m_SourcePrefab: {fileID: 100100000, guid: 06561c2766c0e2d4cb176de52f48bb51, type: 3}
--- !u!4 &9091774078067296194 stripped
Transform:
  m_CorrespondingSourceObject: {fileID: 1394752117726233873, guid: 06561c2766c0e2d4cb176de52f48bb51,
    type: 3}
  m_PrefabInstance: {fileID: 7887878772924711635}
  m_PrefabAsset: {fileID: 0}
--- !u!1001 &7887878773161989263
PrefabInstance:
  m_ObjectHideFlags: 0
  serializedVersion: 2
  m_Modification:
    m_TransformParent: {fileID: 7887878772550111843}
    m_Modifications:
    - target: {fileID: 2128957381413006209, guid: 06561c2766c0e2d4cb176de52f48bb51,
        type: 3}
      propertyPath: m_Name
      value: SoundCube_StretchInOneDir (1)
      objectReference: {fileID: 0}
    - target: {fileID: 1394752117726233873, guid: 06561c2766c0e2d4cb176de52f48bb51,
        type: 3}
      propertyPath: m_LocalPosition.x
      value: 6
      objectReference: {fileID: 0}
    - target: {fileID: 1394752117726233873, guid: 06561c2766c0e2d4cb176de52f48bb51,
        type: 3}
      propertyPath: m_LocalPosition.y
      value: 0
      objectReference: {fileID: 0}
    - target: {fileID: 1394752117726233873, guid: 06561c2766c0e2d4cb176de52f48bb51,
        type: 3}
      propertyPath: m_LocalPosition.z
      value: 0
      objectReference: {fileID: 0}
    - target: {fileID: 1394752117726233873, guid: 06561c2766c0e2d4cb176de52f48bb51,
        type: 3}
      propertyPath: m_LocalRotation.x
      value: 0
      objectReference: {fileID: 0}
    - target: {fileID: 1394752117726233873, guid: 06561c2766c0e2d4cb176de52f48bb51,
        type: 3}
      propertyPath: m_LocalRotation.y
      value: 0
      objectReference: {fileID: 0}
    - target: {fileID: 1394752117726233873, guid: 06561c2766c0e2d4cb176de52f48bb51,
        type: 3}
      propertyPath: m_LocalRotation.z
      value: 0
      objectReference: {fileID: 0}
    - target: {fileID: 1394752117726233873, guid: 06561c2766c0e2d4cb176de52f48bb51,
        type: 3}
      propertyPath: m_LocalRotation.w
      value: 1
      objectReference: {fileID: 0}
    - target: {fileID: 1394752117726233873, guid: 06561c2766c0e2d4cb176de52f48bb51,
        type: 3}
      propertyPath: m_RootOrder
      value: 1
      objectReference: {fileID: 0}
    - target: {fileID: 1394752117726233873, guid: 06561c2766c0e2d4cb176de52f48bb51,
        type: 3}
      propertyPath: m_LocalEulerAnglesHint.x
      value: 0
      objectReference: {fileID: 0}
    - target: {fileID: 1394752117726233873, guid: 06561c2766c0e2d4cb176de52f48bb51,
        type: 3}
      propertyPath: m_LocalEulerAnglesHint.y
      value: 0
      objectReference: {fileID: 0}
    - target: {fileID: 1394752117726233873, guid: 06561c2766c0e2d4cb176de52f48bb51,
        type: 3}
      propertyPath: m_LocalEulerAnglesHint.z
      value: 0
      objectReference: {fileID: 0}
    - target: {fileID: 8787806788218957823, guid: 06561c2766c0e2d4cb176de52f48bb51,
        type: 3}
      propertyPath: _band
      value: 1
      objectReference: {fileID: 0}
    m_RemovedComponents: []
  m_SourcePrefab: {fileID: 100100000, guid: 06561c2766c0e2d4cb176de52f48bb51, type: 3}
--- !u!4 &9091774078370566558 stripped
Transform:
  m_CorrespondingSourceObject: {fileID: 1394752117726233873, guid: 06561c2766c0e2d4cb176de52f48bb51,
    type: 3}
  m_PrefabInstance: {fileID: 7887878773161989263}
  m_PrefabAsset: {fileID: 0}
--- !u!1001 &7887878773236505263
PrefabInstance:
  m_ObjectHideFlags: 0
  serializedVersion: 2
  m_Modification:
    m_TransformParent: {fileID: 7887878772550111843}
    m_Modifications:
    - target: {fileID: 2128957381413006209, guid: 06561c2766c0e2d4cb176de52f48bb51,
        type: 3}
      propertyPath: m_Name
      value: SoundCube_StretchInOneDir (3)
      objectReference: {fileID: 0}
    - target: {fileID: 1394752117726233873, guid: 06561c2766c0e2d4cb176de52f48bb51,
        type: 3}
      propertyPath: m_LocalPosition.x
      value: 18
      objectReference: {fileID: 0}
    - target: {fileID: 1394752117726233873, guid: 06561c2766c0e2d4cb176de52f48bb51,
        type: 3}
      propertyPath: m_LocalPosition.y
      value: 0
      objectReference: {fileID: 0}
    - target: {fileID: 1394752117726233873, guid: 06561c2766c0e2d4cb176de52f48bb51,
        type: 3}
      propertyPath: m_LocalPosition.z
      value: 0
      objectReference: {fileID: 0}
    - target: {fileID: 1394752117726233873, guid: 06561c2766c0e2d4cb176de52f48bb51,
        type: 3}
      propertyPath: m_LocalRotation.x
      value: 0
      objectReference: {fileID: 0}
    - target: {fileID: 1394752117726233873, guid: 06561c2766c0e2d4cb176de52f48bb51,
        type: 3}
      propertyPath: m_LocalRotation.y
      value: 0
      objectReference: {fileID: 0}
    - target: {fileID: 1394752117726233873, guid: 06561c2766c0e2d4cb176de52f48bb51,
        type: 3}
      propertyPath: m_LocalRotation.z
      value: 0
      objectReference: {fileID: 0}
    - target: {fileID: 1394752117726233873, guid: 06561c2766c0e2d4cb176de52f48bb51,
        type: 3}
      propertyPath: m_LocalRotation.w
      value: 1
      objectReference: {fileID: 0}
    - target: {fileID: 1394752117726233873, guid: 06561c2766c0e2d4cb176de52f48bb51,
        type: 3}
      propertyPath: m_RootOrder
      value: 3
      objectReference: {fileID: 0}
    - target: {fileID: 1394752117726233873, guid: 06561c2766c0e2d4cb176de52f48bb51,
        type: 3}
      propertyPath: m_LocalEulerAnglesHint.x
      value: 0
      objectReference: {fileID: 0}
    - target: {fileID: 1394752117726233873, guid: 06561c2766c0e2d4cb176de52f48bb51,
        type: 3}
      propertyPath: m_LocalEulerAnglesHint.y
      value: 0
      objectReference: {fileID: 0}
    - target: {fileID: 1394752117726233873, guid: 06561c2766c0e2d4cb176de52f48bb51,
        type: 3}
      propertyPath: m_LocalEulerAnglesHint.z
      value: 0
      objectReference: {fileID: 0}
    - target: {fileID: 8787806788218957823, guid: 06561c2766c0e2d4cb176de52f48bb51,
        type: 3}
      propertyPath: _band
      value: 3
      objectReference: {fileID: 0}
    m_RemovedComponents: []
  m_SourcePrefab: {fileID: 100100000, guid: 06561c2766c0e2d4cb176de52f48bb51, type: 3}
--- !u!4 &9091774078260404158 stripped
Transform:
  m_CorrespondingSourceObject: {fileID: 1394752117726233873, guid: 06561c2766c0e2d4cb176de52f48bb51,
    type: 3}
  m_PrefabInstance: {fileID: 7887878773236505263}
  m_PrefabAsset: {fileID: 0}
--- !u!1001 &7887878773615774300
PrefabInstance:
  m_ObjectHideFlags: 0
  serializedVersion: 2
  m_Modification:
    m_TransformParent: {fileID: 7887878772550111843}
    m_Modifications:
    - target: {fileID: 2128957381413006209, guid: 06561c2766c0e2d4cb176de52f48bb51,
        type: 3}
      propertyPath: m_Name
      value: SoundCube_StretchInOneDir (6)
      objectReference: {fileID: 0}
    - target: {fileID: 1394752117726233873, guid: 06561c2766c0e2d4cb176de52f48bb51,
        type: 3}
      propertyPath: m_LocalPosition.x
      value: 36
      objectReference: {fileID: 0}
    - target: {fileID: 1394752117726233873, guid: 06561c2766c0e2d4cb176de52f48bb51,
        type: 3}
      propertyPath: m_LocalPosition.y
      value: 0
      objectReference: {fileID: 0}
    - target: {fileID: 1394752117726233873, guid: 06561c2766c0e2d4cb176de52f48bb51,
        type: 3}
      propertyPath: m_LocalPosition.z
      value: 0
      objectReference: {fileID: 0}
    - target: {fileID: 1394752117726233873, guid: 06561c2766c0e2d4cb176de52f48bb51,
        type: 3}
      propertyPath: m_LocalRotation.x
      value: 0
      objectReference: {fileID: 0}
    - target: {fileID: 1394752117726233873, guid: 06561c2766c0e2d4cb176de52f48bb51,
        type: 3}
      propertyPath: m_LocalRotation.y
      value: 0
      objectReference: {fileID: 0}
    - target: {fileID: 1394752117726233873, guid: 06561c2766c0e2d4cb176de52f48bb51,
        type: 3}
      propertyPath: m_LocalRotation.z
      value: 0
      objectReference: {fileID: 0}
    - target: {fileID: 1394752117726233873, guid: 06561c2766c0e2d4cb176de52f48bb51,
        type: 3}
      propertyPath: m_LocalRotation.w
      value: 1
      objectReference: {fileID: 0}
    - target: {fileID: 1394752117726233873, guid: 06561c2766c0e2d4cb176de52f48bb51,
        type: 3}
      propertyPath: m_RootOrder
      value: 6
      objectReference: {fileID: 0}
    - target: {fileID: 1394752117726233873, guid: 06561c2766c0e2d4cb176de52f48bb51,
        type: 3}
      propertyPath: m_LocalEulerAnglesHint.x
      value: 0
      objectReference: {fileID: 0}
    - target: {fileID: 1394752117726233873, guid: 06561c2766c0e2d4cb176de52f48bb51,
        type: 3}
      propertyPath: m_LocalEulerAnglesHint.y
      value: 0
      objectReference: {fileID: 0}
    - target: {fileID: 1394752117726233873, guid: 06561c2766c0e2d4cb176de52f48bb51,
        type: 3}
      propertyPath: m_LocalEulerAnglesHint.z
      value: 0
      objectReference: {fileID: 0}
    - target: {fileID: 8787806788218957823, guid: 06561c2766c0e2d4cb176de52f48bb51,
        type: 3}
      propertyPath: _band
      value: 6
      objectReference: {fileID: 0}
    m_RemovedComponents: []
  m_SourcePrefab: {fileID: 100100000, guid: 06561c2766c0e2d4cb176de52f48bb51, type: 3}
--- !u!4 &9091774078422716237 stripped
Transform:
  m_CorrespondingSourceObject: {fileID: 1394752117726233873, guid: 06561c2766c0e2d4cb176de52f48bb51,
    type: 3}
  m_PrefabInstance: {fileID: 7887878773615774300}
  m_PrefabAsset: {fileID: 0}
